 Dungeon Crawl Stone Soup version 0.31.0-32-g396128a36d (webtiles) character file.

Game seed: 12786721407483428714

2863 VAZYLA the Grappler (level 9, -4/61 HPs)
             Began as an Octopode Shapeshifter on Apr 21, 2024.
             Was a Believer of Wu Jian.
             Slain by a centaur zombie (5 damage)
             ... on level 8 of the Dungeon.
             The game lasted 00:16:19 (7443 turns).

VAZYLA the Grappler (Octopode Shapeshifter)         Turns: 7443, Time: 00:16:19

Health: -4/61      AC:  1    Str: 18    XL:     9   Next: 75%
Magic:  0/15       EV: 13    Int: 12    God:    Wu Jian [**....]
Gold:   358        SH:  0    Dex: 17    Spells: 17/17 levels left

rFire   . .          .
                       - Unarmed
rCold   + . .        (no shield)
rNeg    . . .        (helmet currently unavailable)
rPois   .            j - amulet of guardian spirit
rElec   .            d - +6 ring of dexterity
rCorr   .            o - ring of protection from cold
SInv    .            (no ring)
Will    .....        (no ring)
Stlth   +++          (no ring)
HPRegen 0.30/turn    (no ring)
MPRegen 0.14/turn    (no ring)
                     (no ring)

%: guardian spirit
@: beast-form
A: beast (slay +4), almost no armour, amphibious, 8 rings, camouflage 1,
gelatinous body 1, (nimble swimmer 1), tentacles
a: Begin Untransformation, Renounce Religion, Wall Jump


You were on level 8 of the Dungeon.
You worshipped Wu Jian.
Wu Jian was pleased with you.
You were a hulking beast.
You visited 1 branch of the dungeon, and saw 8 of its levels.

You collected 448 gold pieces.
You spent 90 gold pieces at shops.

Inventory:

Missiles
 e - 5 curare-tipped darts
 q - 12 poisoned darts (quivered)
Armour
 l - a +0 buckler
Jewellery
 d - a +6 ring of dexterity (left tentacle)
 j - an amulet of guardian spirit (around mantle)
 o - a ring of protection from cold (right tentacle)
Talismans
 b - a beast talisman
 c - a flux talisman
 p - a blade talisman
 w - a maw talisman
Wands
 r - a wand of flame (14)
Scrolls
 f - 2 scrolls of enchant weapon
 h - 2 scrolls of blinking
 i - a scroll of vulnerability
 n - 3 scrolls of poison
 s - 2 scrolls of fear
 v - a scroll of teleportation {unknown}
Potions
 a - 2 potions of lignification
 g - 2 potions of attraction
 m - 4 potions of degeneration
 u - a potion of curing


   Skills:
 + Level 5.1 Fighting
 - Level 2.0 Dodging
 * Level 8.3 Unarmed Combat
 + Level 4.6 Spellcasting
 * Level 7.7 Shapeshifting


You had 17 spell levels left.
You didn't know any spells.
Your spell library contained the following spells:

 Spells                   Type           Power      Damage    Failure   Level
 Cigotuvi's Dreadful Rot  Necr/Alch/Air  4%         N/A       32%         2
 Ignite Poison            Fire/Alch      2%         N/A       91%         4
 Freezing Cloud           Conj/Ice/Air   1%         6-21      99%         5


Dungeon Overview and Level Annotations

Branches:
Dungeon (8/15)             Temple (0/1) D:5
   Lair: D:8-11

Altars:
Cheibriados
Hepliaklqana
Qazlal
Ru
Wu Jian
Yredelemnul

Shops:
D:4 ?   D:7 *[(

Annotations:
D:2 Sigmund
D:4 Edmund
D:8 exclusion: two-headed ogre


Innate Abilities, Weirdness & Mutations

You are a hulking beast.
Your limbs bulge with bestial killing power. (Slay +4)
You cannot wear most types of armour.
You are amphibious.
You can wear up to eight rings at the same time.
Your skin changes colour to match your surroundings (Stealth+).
Your rubbery body absorbs attacks. (AC +1, EV +1)
((You are camouflaged when in or above water. (Stealth+)))
You have tentacles for arms and can constrict up to eight enemies at once.


Message History

The centaur zombie is severely damaged.
The centaur zombie hits you but does no damage.
The centaur zombie closely misses you. The centaur zombie hits you.
The centaur zombie barely misses you. The wyvern zombie misses you.
The centaur zombie barely misses you. The centaur zombie closely misses you.
You barely miss the centaur zombie. You squeeze the centaur zombie!
You destroy the centaur zombie!
The Council accepts your kill.
The centaur zombie barely misses you. x2; The centaur zombie misses you.
The centaur zombie barely misses you. The wyvern zombie bites you!
You bludgeon the wyvern zombie!
The wyvern zombie is moderately damaged.
The centaur zombie misses you. The centaur zombie kicks you.
The centaur zombie misses you. The centaur zombie kicks you.
The wyvern zombie bites you.
You bludgeon the wyvern zombie!
The wyvern zombie is heavily damaged.
The centaur zombie misses you. The centaur zombie kicks you.
The centaur zombie hits you. The centaur zombie barely misses you.
The wyvern zombie bites you!
You are too injured to fight recklessly!
You tentacle-slap the centaur zombie.
The centaur zombie is lightly damaged.
The centaur zombie closely misses you. x2; The centaur zombie hits you.
* * * LOW HITPOINT WARNING * * *
The centaur zombie kicks you.
* * * LOW HITPOINT WARNING * * *
The wyvern zombie closely misses you. The centaur zombie barely misses you.
The centaur zombie kicks you.
* * * LOW HITPOINT WARNING * * *
You barely miss the centaur zombie. You squeeze the centaur zombie.
The centaur zombie is moderately damaged.
The centaur zombie hits you.
* * * LOW HITPOINT WARNING * * *
The centaur zombie kicks you.
* * * LOW HITPOINT WARNING * * *
The wyvern zombie bites you!
* * * LOW HITPOINT WARNING * * *
The centaur zombie hits you.
You die...

.### ######+#
...... #......
....... #.##.....
.......
#.##....♣♣♣.♣.....
#.##....♣...♣...
#.##.....♣.♣..
#....♣..♣Z♣Z♣
###.#....♣♣.h.♣
#.....#♣♣.♣.Z.♣
###<....♣.♣♣...♣
#.##........♣
♣♣♣♣♣
............♣
#.###.#####.# #
#.# .# #)# .# #.#
.#


You could see a wyvern zombie and 2 centaur zombies.

Vanquished Creatures
  Psyche (D:8)
  A hornet (D:5)
  Eustachio (D:5)
  A steam dragon (D:7)
  Menkaure (D:5)
  A water moccasin (D:5)
  4 sky beasts
  2 ice beasts
  A black bear (D:5)
  2 ogres
  A centaur (D:6)
  A bullfrog (D:6)
  A scorpion (D:5)
  4 wights (D:8)
  A jelly (D:7)
  3 centaur zombies (D:8)
  3 orc priests
  A hound (D:6)
  Ijyb (D:5)
  2 sleepcaps
  Terence (D:2)
  3 iguanas
  4 orc wizards
  A killer bee zombie (D:8)
  Robin (D:2)
  6 adders
  3 shadow imps
  2 white imps
  2 dart slugs
  A ribbon worm (D:2)
  30 orcs
  3 ball pythons
  6 endoplasms
  3 giant cockroaches
  16 goblins
  4 hobgoblins
  4 jackals
  2 quokkas (D:1)
  5 bats
  4 frilled lizards
  3 kobolds
  5 rats
142 creatures vanquished.

Notes
Turn   | Place    | Note
-------+----------+-------------------------------------------
     0 | D:1      | VAZYLA the Octopode Shapeshifter began the quest for the
                  | Orb.
     0 | D:1      | Reached XP level 1. HP: 13/13 MP: 1/1
    80 | D:1      | Found a faded altar of an unknown god.
   149 | D:1      | Reached XP level 2. HP: 17/18 MP: 2/2
   620 | D:1      | Reached XP level 3. HP: 23/23 MP: 3/3
   889 | D:2      | Noticed Terence
   894 | D:2      | Killed Terence
   975 | D:2      | Noticed Robin
   980 | D:2      | Killed Robin
   981 | D:2      | Reached skill level 1 in Spellcasting
   981 | D:2      | Reached XP level 4. HP: 27/28 MP: 5/5
  1297 | D:2      | Found an ornate altar of the Wu Jian Council.
  1307 | D:2      | Became a worshipper of the Wu Jian Council
  1405 | D:2      | Noticed Sigmund
  1820 | D:3      | Reached skill level 4 in Unarmed Combat
  1889 | D:3      | Reached XP level 5. HP: 34/34 MP: 6/6
  2352 | D:3      | Found a hazy altar of Hepliaklqana.
  2501 | D:4      | Reached * piety under Wu Jian
  2555 | D:4      | Noticed Edmund
  2609 | D:4      | Found a stormy altar of Qazlal.
  2657 | D:4      | Found Qicaor's Magic Scroll Shop.
  2666 | D:4      | Bought a scroll of blinking for 90 gold pieces
  2683 | D:4      | Noticed a sky beast
  2751 | D:4      | Killed a sky beast
  2752 | D:4      | Reached XP level 6. HP: 13/41 MP: 3/8
  3285 | D:5      | Entered Level 5 of the Dungeon
  3285 | D:5      | Found a staircase to the Ecumenical Temple.
  3290 | D:5      | Reached skill level 5 in Unarmed Combat
  3568 | D:5      | Reached XP level 7. HP: 45/45 MP: 10/10
  3876 | D:5      | Reached skill level 5 in Shapeshifting
  3891 | D:5      | Noticed a hornet
  3895 | D:5      | Killed a hornet
  4022 | D:5      | Noticed Menkaure
  4086 | D:5      | Reached skill level 6 in Unarmed Combat
  4086 | D:5      | Reached XP level 8. HP: 13/52 MP: 1/12
  4451 | D:5      | Noticed Ijyb
  4525 | D:5      | Killed Ijyb
  4608 | D:5      | Killed Menkaure
  4613 | D:5      | Reached ** piety under Wu Jian
  4776 | D:5      | Noticed Eustachio
  4788 | D:5      | Killed Eustachio
  5540 | D:6      | Reached skill level 7 in Unarmed Combat
  5667 | D:6      | Reached XP level 9. HP: 58/58 MP: 14/14
  6069 | D:7      | Found Pamum's Armour Boutique.
  6153 | D:7      | Found Kijuymikh's Assorted Antiques.
  6225 | D:7      | Found a transporter.
  6225 | D:7      | Found Morghie's Antique Weapon Shoppe.
  6708 | D:7      | Identified the +4 arbalest "Temmoly" {heavy, rF+}
  6976 | D:7      | Found a transporter.
  6990 | D:7      | Found a snail-covered altar of Cheibriados.
  6999 | D:7      | Found a sacrificial altar of Ru.
  7239 | D:8      | Noticed a two-headed ogre
  7244 | D:8      | Reached skill level 8 in Unarmed Combat
  7313 | D:8      | Noticed Psyche
  7322 | D:8      | Killed Psyche
  7323 | D:8      | Reached skill level 5 in Fighting
  7435 | D:8      | Found a basalt altar of Yredelemnul.
  7443 | D:8      | HP: 1/61 [wyvern zombie (11)]
  7443 | D:8      | Slain by a centaur zombie

Illustrated notes

Levels and vault maps discovered:
D:1:      dpeg_arrival_tiny_e, layout_basic,
          shapermc_ecumenical_altar_mp_ritualfount, st_stairs_6
D:2:      layout_loops_ring, basic_altar, minmay_misc_feat_room,
          minmay_misc_feat_more_columns, nicolae_figureground_pulse, uniq_robin,
          uniq_terence, uniq_sigmund
D:3:      layout_rooms, mainiacjoe_overflow_six_doors_small,
          ebering_dispersal_statue_hall, minmay_misc_feat_alley,
          grunt_decor_arrowhead
D:4:      layout_gridville, nicolae_qazlal_scattered_showers, serial_shops,
          nicolae_shop_tiny_glass, uniq_edmund
D:5:      layout_basic, minmay_temple_entry_mini_moons, uniq_eustachio,
          uniq_ijyb, uniq_menkaure
D:6:      layout_gridville, kb_lookout_dungeons_type
D:7:      layout_gridville, mainiacjoe_overflow_swirl, serial_shops,
          nicolae_shop_drivethru, shop, nicolae_shop_statue_plus
D:8:      layout_basic, nicolae_yredelemnul_corpse_copse,
          mainiacjoe_overflow_alcove_2, gammafunk_ghost_arena, uniq_psyche

Skill      XL: |  1  2  3  4  5  6  7  8  9 |
---------------+----------------------------+-----
Spellcasting   | 1 2 3 4 |  4.6
Unarmed Combat | 4 5 6 7 8 |  8.3
Fighting       | 2 3 4 5 |  5.1
Shapeshifting  | 4 5 6 7 |  7.7
Dodging        | |  2.0

Action                     |  1- 3 |  4- 6 |  7- 9 || total
---------------------------+-------+-------+-------++-------
  Melee: Unarmed           |    58 |   128 |   152 ||   338
         Tentacles         |    12 |    17 |    42 ||    71
         Constrict         |    17 |    36 |    31 ||    84
         Punch             |     4 |     3 |    11 ||    18
  Throw: Dart              |       |     1 |    12 ||    13
Ability: Lunge             |       |    18 |    18 ||    36
         Whirlwind         |       |     2 |    12 ||    14
  Evoke: Wand              |       |       |     1 ||     1
    Use: Scroll            |       |     6 |     4 ||    10
         Potion            |       |     2 |     2 ||     4
   Stab: Sleeping          |     4 |     8 |     9 ||    21
 Armour: Skin              |    15 |    52 |   108 ||   175
  Dodge: Dodged            |    25 |    49 |   107 ||   181
